 Dungeon Crawl Stone Soup version 0.32-a0-933-ga8fa3634e4 (webtiles) character file.

Game seed: 12751223485664431263

5910 KennySheep the Covert (level 11, -11/62 (86) HPs)
             Began as a Formicid Brigand on Apr 14, 2024.
             Was a Believer of Dithmenos.
             Mangled by a centaur warrior (12 damage)
             ... on level 14 of the Dungeon on Apr 15, 2024.
             The game lasted 01:07:24 (11606 turns).

KennySheep the Covert (Formicid Brigand)           Turns: 11606, Time: 01:07:24

HP:   -11/62 (86)   AC: 10    Str: 23    XL:     11   Next: 8%
MP:   9/9           EV: 11    Int:  5    God:    Dithmenos [**....]
Gold: 568           SH:  0    Dex: 23    Spells: 10/10 levels left

rFire   + . .        B - +4 dagger
rCold   . . .        (no shield)
rNeg    . . .        b - +1 robe
rPois   .            (helmet unavailable)
rElec   .            c - +0 cloak
rCorr   .            E - +0 pair of gloves
SInv    +            s - +0 pair of boots of the First Snow {+Inv rF+ Str+8 Int-5}
Will    ++...        (no amulet)
Stlth   ++++++++     v - ring of willpower
HPRegen 0.30/turn    g - +4 ring of protection
MPRegen 0.11/turn

%: no passive effects
@: wreathed by umbra, very heavily drained
A: permanent stasis, dig shafts and tunnels, antennae 3, four strong arms, agile
1, low MP 1, subdued magic 1
a: Dig, Shaft Self, Renounce Religion, Evoke Invisibility, Shadow Step


You were on level 14 of the Dungeon.
You worshipped Dithmenos.
Dithmenos was pleased with you.
You visited 2 branches of the dungeon, and saw 15 of its levels.
You also visited: Bailey.

You collected 568 gold pieces.

Inventory:

Hand Weapons
 a - a +2 dagger
 B - a +4 dagger (weapon)
Missiles
 d - 16 poisoned darts
 e - 3 curare-tipped darts (quivered)
Armour
 b - a +1 robe (worn)
 c - a +0 cloak (worn)
 s - the +0 pair of boots of the First Snow (worn) {+Inv rF+ Str+8 Int-5}
   (You found it on level 4 of the Dungeon)

   Str+8:     It affects your strength (+8).
   Int-5:     It affects your intelligence (-5).
   rF+:       It protects you from fire.
   +Inv:      It lets you turn invisible.
 u - an orb of mayhem
 E - a +0 pair of gloves (worn)
Magical Staves
 y - a staff of alchemy
Jewellery
 g - a +4 ring of protection (right hand)
 k - an amulet of faith
 q - a ring of positive energy
 v - a ring of willpower (left hand)
 w - a ring of willpower
Talismans
 i - a storm talisman
Wands
 f - a wand of warping (14)
 x - a wand of mindburst (8)
 A - a wand of polymorph (7)
 C - a wand of flame (11)
 F - a wand of charming (4)
Scrolls
 j - 4 scrolls of enchant armour
 m - 2 scrolls of teleportation
 n - 2 scrolls of silence
 p - a scroll of immolation
 t - a scroll of amnesia
Potions
 h - a potion of berserk rage
 o - a potion of mutation
 r - a potion of brilliance
 z - 2 potions of attraction
Miscellaneous
 l - a lightning rod (4/4)


   Skills:
 + Level 8.3 Fighting
 + Level 7.5 Short Blades
 - Level 2.0 Throwing
 - Level 0.8 Dodging
 * Level 14.0 Stealth
 + Level 7.1 Evocations


You had 10 spell levels left.
You didn't know any spells.
Your spell library contained the following spells:

 Spells                   Type           Power      Damage    Failure   Level
 Kiss of Death            Conj/Necr      0%         2d5       43%         1
 Necrotise                Necr           0%         1d4       43%         1
 Fugue of the Fallen      Necr           0%         N/A       82%         3
 Ozocubu's Armour         Ice            0%         N/A       82%         3
 Manifold Assault         Tloc           0%         N/A       100%        7
 Borgnjor's Revivificati  Necr           0%         N/A       100%        8
 Chain Lightning          Conj/Air       0%         N/A       100%        9
 Death's Door             Necr           0%         N/A       100%        9
 Fire Storm               Conj/Fire      0%         5d1       100%        9
 Shatter                  Erth           0%         3d5*      100%        9


Dungeon Overview and Level Annotations

Branches:
Dungeon (14/15)            Temple (1/1) D:6            Lair (0/5) D:8
 Bailey (visited)
    Orc: D:9-12      Vaults: D:13-14

Altars:
Ashenzari
Cheibriados
Dithmenos
Elyvilon
Fedhas
Gozag
Hepliaklqana
Kikubaaqudgha
Makhleb
Nemelex Xobeh
Okawaru
Qazlal
Ru
Sif Muna
Trog
Uskayaw
Vehumet
Wu Jian
Xom
Yredelemnul
Zin
The Shining One

Annotations:
D:7 exclusion: ice statue
D:8 Joseph


Innate Abilities, Weirdness & Mutations

You cannot be hasted, slowed, berserked, paralysed or teleported.
You can dig through walls and to a lower floor.
You have a pair of large antennae on your head. (SInv)
Your four strong arms can wield two-handed weapons with a shield.
You are agile. (Dex +4, Str/Int -1)
Your magical capacity is low. (-10% MP)
Your spells are a little easier to cast, but a little less powerful.


Message History

The centaur warrior is moderately wounded.
The centaur warrior hits you!
* * * LOW HITPOINT WARNING * * *
The centaur warrior kicks you but does no damage.
You hit the centaur warrior.
The centaur warrior is moderately wounded.
The centaur warrior hits you.
* * * LOW HITPOINT WARNING * * *
The centaur warrior kicks you.
* * * LOW HITPOINT WARNING * * *
You hit the centaur warrior.
The centaur warrior is heavily wounded.
The centaur warrior hits you.
* * * LOW HITPOINT WARNING * * *
The centaur warrior kicks you but does no damage.
You hit the centaur warrior.
The centaur warrior is heavily wounded.
You barely miss the centaur warrior.
The centaur warrior is heavily wounded.
The centaur warrior hits you but does no damage.
The centaur warrior kicks you but does no damage.
You hit the centaur warrior.
The centaur warrior is severely wounded.
The centaur warrior hits you.
* * * LOW HITPOINT WARNING * * *
The centaur warrior closely misses you.
You barely miss the centaur warrior.
The centaur warrior is severely wounded.
The centaur warrior hits you.
* * * LOW HITPOINT WARNING * * *
The centaur warrior barely misses you.
You closely miss the centaur warrior.
The centaur warrior is severely wounded.
The centaur warrior hits you.
* * * LOW HITPOINT WARNING * * *
The centaur warrior kicks you but does no damage.
You barely miss the centaur warrior.
The centaur warrior is severely wounded.
The centaur warrior hits you!
You die...

############
##..........#
#........<..+
#...c@......#
..............#
..##..........#
#..........#
#.<........#
####+#######


You could see a centaur warrior.

Vanquished Creatures
  2 two-headed ogres
  A boulder beetle (D:11)
  A rime drake (D:8)
  Sigmund (D:4)
  A shadow (D:10)
  2 yaks (D:11)
  A fire bat (D:5)
  A steam dragon (D:7)
  A vampire mosquito (D:11)
  Duvessa (D:5)
  2 sky beasts
  2 orc warriors
  5 ice beasts (D:8)
  3 ogres
  3 wolves (D:8)
  3 phantoms
  A kobold brigand (D:8)
  Blork the orc (D:6)
  A bullfrog (D:6)
  A scorpion (D:5)
  4 wights
  Dowan (D:5)
  A howler monkey (D:4)
  A hound (D:5)
  2 orc priests
  5 bombardier beetles
  A jelly (D:5)
  A gnoll bouda (D:4)
  3 orc wizards
  4 gnolls (D:4)
  9 adders
  2 shadow imps
  6 ufetubi
  6 dart slugs
  A ribbon worm (D:2)
  31 orcs
  4 endoplasms
  4 giant cockroaches (D:1)
  6 hobgoblins
  3 jackals (D:1)
  A quokka (D:2)
  7 ball pythons
  3 bats
  5 frilled lizards
  8 goblins
  9 kobolds
  8 rats
170 creatures vanquished.

Vanquished Creatures (collateral kills)
  An orc wizard (D:5)
  An orc (D:5)
2 creatures vanquished.

Grand Total: 172 creatures vanquished

Notes
Turn   | Place    | Note
-------+----------+-------------------------------------------
     0 | D:1      | KennySheep the Formicid Brigand began the quest for the
                  | Orb.
     0 | D:1      | Reached XP level 1. HP: 16/16 MP: 1/1
    56 | D:1      | Reached skill level 5 in Stealth
   142 | D:1      | Reached XP level 2. HP: 21/23 MP: 2/2
   395 | D:1      | Reached XP level 3. HP: 27/28 MP: 3/3
   936 | D:2      | Reached XP level 4. HP: 28/34 MP: 4/4
  1019 | D:2      | Reached skill level 6 in Stealth
  1281 | D:2      | Got Zeateyf's Parchment of the Catacomb
  1458 | D:3      | Reached XP level 5. HP: 41/41 MP: 5/5
  1545 | D:3      | You fall into a shaft and drop 1 floor!
  1924 | D:3      | Found a shadowy altar of Dithmenos.
  1928 | D:3      | Became a worshipper of Dithmenos the Shadowed
  2095 | D:3      | Reached skill level 7 in Stealth
  2095 | D:3      | Reached XP level 6. HP: 47/47 MP: 6/6
  2803 | D:4      | Identified the +0 pair of boots of the First Snow {+Inv rF+
                  | Str+8 Int-5}
  2862 | D:4      | Noticed Sigmund
  3066 | D:4      | Killed Sigmund
  3066 | D:4      | Reached * piety under Dithmenos
  3067 | D:4      | Reached skill level 8 in Stealth
  3067 | D:4      | Reached skill level 1 in Evocations
  3067 | D:4      | Reached XP level 7. HP: 44/54 MP: 7/7
  3156 | D:4      | You fall into a shaft and drop 2 floors!
  3301 | D:5      | Entered Level 5 of the Dungeon
  3313 | D:5      | Noticed Dowan
  3314 | D:5      | Noticed Duvessa
  3317 | D:5      | Killed Dowan
  3320 | D:5      | You fall into a shaft and drop 1 floor!
  3525 | D:5      | Noticed a fire bat
  3525 | D:5      | Found a shimmering altar of Xom.
  3540 | D:5      | You fall into a shaft and drop 3 floors!
  3687 | D:8      | Found a hide-covered altar of Uskayaw.
  3976 | D:7      | Noticed an ice statue
  3976 | D:7      | Noticed a cyclops
  3990 | D:7      | Reached XP level 8. HP: 32/42 MP: 8/8
  4060 | D:7      | Found a glowing golden altar of the Shining One.
  4092 | D:7      | Reached skill level 5 in Fighting
  4092 | D:7      | Reached skill level 9 in Stealth
  4398 | D:6      | Noticed Blork the orc
  4405 | D:6      | Killed Blork the orc
  4468 | D:6      | You fall into a shaft and drop 3 floors!
  4635 | D:9      | Identified the staff "Nula" {rPois rF+ Hexes Fire Alchemy}
  5230 | D:6      | Found a staircase to the Ecumenical Temple.
  5235 | Temple   | Entered the Ecumenical Temple
  5327 | D:5      | Reached skill level 5 in Short Blades
  5389 | D:5      | Killed Duvessa
  5390 | D:5      | Reached skill level 10 in Stealth
  5690 | D:5      | Reached XP level 9. HP: 69/69 MP: 9/9
  6086 | D:5      | Reached skill level 11 in Stealth
  7209 | D:5      | Gained mutation: Your spells are a little easier to cast,
                  | but a little less powerful. [potion of mutation]
  7209 | D:5      | Gained mutation: You are agile. (Dex +4, Str/Int -1)
                  | [potion of mutation]
  7209 | D:5      | Gained mutation: Your magical capacity is low. (-10% MP)
                  | [potion of mutation]
  7626 | D:6      | Reached ** piety under Dithmenos
  8340 | D:7      | Reached skill level 5 in Evocations
  8590 | D:8      | Found a staircase to the Lair.
  8596 | D:8      | Noticed a rime drake
  8596 | D:8      | Noticed Joseph
  8622 | D:8      | Reached skill level 12 in Stealth
  8622 | D:8      | Reached XP level 10. HP: 63/77 MP: 9/9
  8628 | D:8      | Killed a rime drake
  9279 | D:8      | You fall into a shaft and drop 2 floors!
  9279 | D:10     | Entered Level 10 of the Dungeon
  9648 | D:10     | Found a flagged portal.
  9692 | Bailey   | Entered a bailey
 10207 | D:10     | Noticed a two-headed ogre
 10499 | D:10     | Killed a two-headed ogre
 10500 | D:10     | Reached skill level 13 in Stealth
 10705 | D:9      | You fall into a shaft and drop 3 floors!
 10870 | D:12     | Noticed a komodo dragon
 10873 | D:12     | Noticed a boulder beetle
 10877 | D:12     | Noticed a kobold demonologist
 10879 | D:12     | Noticed a soul eater
 10888 | D:11     | Noticed a boulder beetle
 10891 | D:11     | Killed a boulder beetle
 10904 | D:11     | You fall into a shaft and drop 2 floors!
 11116 | D:13     | Noticed a deep elf pyromancer
 11136 | D:13     | Noticed a centaur warrior
 11140 | D:12     | Noticed a cyclops
 11158 | D:12     | Noticed a two-headed ogre
 11165 | D:12     | Killed a two-headed ogre
 11166 | D:12     | Reached skill level 14 in Stealth
 11166 | D:12     | Reached XP level 11. HP: 18/86 MP: 9/9
 11405 | D:12     | You fall into a shaft and drop 1 floor!
 11583 | D:14     | Noticed a centaur warrior
 11604 | D:14     | HP: 3/62 [centaur warrior (4)]
 11605 | D:14     | HP: 1/62 [centaur warrior (2)]
 11606 | D:14     | Mangled by a centaur warrior

Illustrated notes

Levels and vault maps discovered:
D:1:      evilmike_arrival_crescent, layout_loops_ring
D:2:      layout_basic, minmay_fractal_squares_5
D:3:      layout_loops_cross, grunt_dithmenos_smoke_and_mirrors, kennysheep_nub,
          amethyst_killhole
D:4:      cheibrodos_helix_gallery, layout_loops_cross, uniq_sigmund
D:5:      layout_basic, regret_index_xom_of_box, water_maze_lemuel, uniq_duvessa
D:6:      nicolae_cairo_tiling_large, layout_basic,
          minmay_temple_entry_overgrown, uniq_blork_the_orc
D:7:      lemuel_ice_statue, layout_rooms, overflow_temple_1_default,
          hangedman_abyss_or_decor_stabs
D:8:      layout_loops_corners, dancing_weapons_uskayaw,
          hellmonk_lair_entry_icy, dk_rats_in_the_wall, uniq_joseph, uniq_psyche
D:9:      layout_loops_ring
D:10:     layout_loops_ring, enter_bailey_8
D:11:     layout_rooms
D:12:     layout_long_grid, minmay_orc_entry_temple_small
D:13:     layout_cave_pools, hellmonk_vaults_order_and_chaos,
          minmay_shop_grid_forest, elyvilon_altar_5, uniq_azrael
D:14:     layout_roguey [special_room_orc], nicolae_trove_entry_crystal,
          amcnicky_mini_pool_small, minmay_increasing_density
Temple:   eino_narrow_crystal_temple

Skill      XL: |  1  2  3  4  5  6  7  8  9 10 |
---------------+-------------------------------+-----
Stealth        | 5 6 7 8 10 12 14 | 14.0
Fighting       | 3 4 5 6 8 |  8.3
Short Blades   | 3 4 5 6 7 |  7.5
Evocations     | 1 2 3 5 7 |  7.1
Throwing       | |  2.0
Dodging        | |  0.8

Action                     |  1- 3 |  4- 6 |  7- 9 | 10-12 || total
---------------------------+-------+-------+-------+-------++-------
  Melee: Dagger            |   115 |   169 |   393 |   169 ||   846
  Throw: Dart              |       |    17 |     2 |       ||    19
Ability: Shaft Self        |       |     1 |     4 |     4 ||     9
         Dig               |       |       |     2 |     1 ||     3
         Evoke Invisibilit |       |       |       |     3 ||     3
  Evoke: Lightning rod     |       |       |       |     2 ||     2
    Use: Potion            |       |     3 |     9 |       ||    12
         Scroll            |       |       |    13 |     5 ||    18
   Stab: Sleeping          |     8 |     6 |    22 |     3 ||    39
         Distracted        |       |     1 |     2 |     1 ||     4
         Invisible         |       |       |       |     5 ||     5
 Armour: Robe              |    47 |   116 |   264 |   119 ||   546
         Skin              |       |    18 |       |       ||    18
  Dodge: Dodged            |    53 |    66 |   307 |   107 ||   533

Table legend: (Time is in decaauts)
 A = Elapsed time spent in this place.
 B = Non-inter-level travel time spent in this place.
 C = Inter-level travel time spent in this place.
 D = Time resting spent in this place.
 E = Time spent auto-exploring this place.
 F = Levels seen in this place.
 G = Mean time per level.
                   A        B        C        D        E       F      G
               +--------+--------+--------+--------+--------+-----+--------+
         Total |  11407 |  10818 |    589 |   3760 |   3936 |  16 |  712.9 |
       Dungeon |  11208 |  10619 |    589 |   3652 |   3932 |  14 |  800.6 |
        Temple |      1 |      1 |      0 |      0 |      0 |   1 |    1.0 |
        Bailey |    197 |    197 |      0 |    108 |      4 |   1 |  197.0 |
               +--------+--------+--------+--------+--------+-----+--------+

Top non-repeatable levels by time:
     D:5: 1736 daAuts
     D:4: 1578 daAuts
     D:7: 1475 daAuts
    D:10: 1193 daAuts
     D:6: 1143 daAuts
     D:3: 846 daAuts
     D:2: 717 daAuts
     D:1: 706 daAuts
     D:8: 666 daAuts
    D:12: 436 daAuts
    D:13: 415 daAuts
     D:9: 259 daAuts
  Bailey: 197 daAuts
    D:11: 17 daAuts
    D:14: 15 daAuts
